[Event "7° Torneo Sociale ASCId"]
[Site "Skype"]
[Date "2022.04.08"]
[Round "7"]
[White "Baratta, Giuseppe"]
[Black "Micocci, Lucia"]
[Result "1/2-1/2"]
[WhiteElo "999"]
[BlackElo "999"]
[ECO "D00"]
[Opening "Queen's pawn, Mason variation"]
[PlyCount "32"]
[TimeControl "5400"]
[EventDate "2022.01.10"]
[EventRounds "7"]
[EventCountry "ITA"]
[Annotator "Bersca0.53"]

1. d4 d5 2. Bf4 Bf5 3. e3 e6 4. Bd3 Bg6 5. c3 c6 6. Bxb8 Rxb8 7. Qa4 a6 8. Nf3
Bxd3 9. Ne5 Be7 10. Nxd3 Nf6 11. O-O Ne4 12. Ne5 Bd6 13. Nxc6 bxc6 14. Qxc6+ Kf8
15. Qxa6 Qc7 16. g3 Nc5 1/2-1/2

[Event "7° Torneo Sociale ASCId"]
[Site "Skype"]
[Date "2022.04.05"]
[Round "7"]
[White "Cassano, Mariangela"]
[Black "Marinò, Giuseppe"]
[Result "1/2-1/2"]
[WhiteElo "999"]
[BlackElo "1339"]
[ECO "C55"]
[Opening "Two knights defence"]
[PlyCount "54"]
[TimeControl "5400"]
[EventDate "2022.01.10"]
[EventRounds "7"]
[EventCountry "ITA"]
[Annotator "Bersca0.53"]

1. e4 e5 2. Nf3 Nc6 3. Bc4 Nf6 4. O-O d5 5. Be2 dxe4 6. d3 exd3 7. Bxd3 Bc5 8.
Nbd2 O-O 9. b3 Bd4 10. c3 Bxc3 11. Rb1 Qxd3 12. Ba3 Re8 13. Ne1 Qxd2 14. Qxd2
Bxd2 15. Nf3 Bb4 16. Bxb4 Nxb4 17. a3 Nd3 18. Rbd1 Bf5 19. Nh4 Nb2 20. Rd2 Bd3
21. Rxb2 Bxf1 22. Kxf1 Rad8 23. Nf3 Ne4 24. Rd2 Rxd2 25. Ke1 Rxf2 26. Kd1 Rd8+
27. Ke1 Rdd2 1/2-1/2

[Event "7° Torneo Sociale ASCId"]
[Site "Skype"]
[Date "2022.04.07"]
[Round "7"]
[White "Trapletti, Cosetta"]
[Black "Maccaferri, Massimo"]
[Result "1/2-1/2"]
[WhiteElo "1245"]
[BlackElo "1173"]
[ECO "A04"]
[Opening "Reti opening"]
[PlyCount "168"]
[TimeControl "5400"]
[EventDate "2022.01.10"]
[EventRounds "7"]
[EventCountry "ITA"]
[Annotator "Bersca0.53"]

1. Nf3 Nc6 2. d4 e5 3. dxe5 Qe7 4. Bf4 Qb4+ 5. Nc3 Qxb2 6. Bd2 Bb4 7. Rb1 Qa3 8.
Nb5 Qa5 9. a3 Bxd2+ 10. Qxd2 Qxd2+ 11. Nxd2 Kd8 12. e3 Nxe5 13. Bc4 f5 14. O-O
Nf6 15. Nc3 a5 16. a4 b6 17. Rfe1 Ba6 18. Be2 g5 19. Nf3 d6 20. Nxe5 dxe5 21.
Rbd1+ Ke7 22. f4 gxf4 23. exf4 e4 24. Nd5+ Nxd5 25. Rxd5 Ke6 26. Rd2 Rhg8 27.
Bd1 Bb7 28. c3 e3 29. Rxe3+ Kf6 30. Bb3 Rg4 31. g3 h5 32. Rd7 h4 33. Rf7+ Kg6
34. Re6+ Kh5 35. Rxf5+ Rg5 36. fxg5 Bc8 37. Rh6+ Kg4 38. Bc2 Bxf5 39. Bd1+ Kxg5
40. Rxh4 Re8 41. Kf2 c6 42. Rh5+ Kg6 43. Bf3 b5 44. Bxc6 Rf8 45. Rh4 Bd7+ 46.
Rf4 Rxf4+ 47. gxf4 Bxc6 48. axb5 Bxb5 49. Ke1 a4 50. Kd1 a3 51. Kc1 a2 52. Kb2
Bc4 53. h3 Kf5 54. h4 Kxf4 55. h5 Kg5 56. h6 Kxh6 57. Ka1 Kg5 58. Kb2 Kf4 59.
Ka1 Ke3 60. Kb2 Kd2 61. Ka1 Kd3 62. Kb2 Bb3 63. Ka1 Bd5 64. Kb2 Bb3 65. Ka1 Kc4
66. Kb2 Kb5 67. Ka1 Ka4 68. Kb2 Bc4 69. Ka1 Kb5 70. Kb2 Ka4 71. Ka1 Ka5 72. Kb2
Kb6 73. Ka1 Kc5 74. Kb2 Kd5 75. Ka1 Ke4 76. Kb2 Ke3 77. Ka1 Bd5 78. Kb2 Be6 79.
Ka1 Bf7 80. Kb2 Ke2 81. Ka1 Kf1 82. Kb2 Kf2 83. Ka1 Bg8 84. Kb2 Kf3 1/2-1/2